 Dungeon Crawl Stone Soup version 0.31-a0-360-gb3e1d13bf4 (webtiles) character file.

Game seed: 11887676900676808254

50565 zazu2006 the Fighter (level 14, -4/113 HPs)
             Began as a Gnoll Wanderer on July 24, 2023.
             Was a High Priest of Vehumet.
             Slain by a komodo dragon (29 damage)
             ... on level 5 of the Lair of Beasts on July 27, 2023.
             The game lasted 00:57:40 (22284 turns).

zazu2006 the Fighter (Gnoll Wanderer)              Turns: 22284, Time: 00:57:42

Health: -4/113     AC:  7    Str: 16    XL:     14   Next: 55%
Magic:  6/28       EV: 16    Int: 24    God:    Vehumet [*****.]
Gold:   2090       SH: 11    Dex: 14    Spells: 16/34 levels left

rFire   + + .        w - +11 flail of Tomorrow {venom, Contam Str+3 Int+9 Dex-5 Stlth+}
rCold   . . .        l - +0 buckler
rNeg    . . .        z - +2 leather armour {rF+}
rPois   +            R - +1 hat of Vagoz {Dex+7}
rElec   .            r - +0 cloak
rCorr   .            b - +0 pair of gloves
SInv    .            k - +0 pair of boots
Will    +....        L - amulet of reflection
Stlth   +++          t - ring of protection from fire
HPRegen 0.38/turn    H - ring of poison resistance
MPRegen 0.21/turn

%: reflection
@: marked, corroded, very slow
A: fangs 1, strong nose, distributed training
a: Renounce Religion


You were on level 5 of the Lair of Beasts.
You worshipped Vehumet.
Vehumet was extremely pleased with you.
You visited 4 branches of the dungeon, and saw 17 of its levels.
You also visited: Sewer and Volcano.

You collected 2090 gold pieces.

Inventory:

Hand Weapons
 n - a +4 flail of protection
 o - a +1 dagger of venom
 v - a +0 short sword of venom
 w - the +11 flail of Tomorrow (weapon) {venom, Contam Str+3 Int+9 Dex-5 Stlth+}
   (You found it on level 9 of the Dungeon)

   Str:       It affects your strength (+3).
   Int:       It affects your intelligence (+9).
   Dex:       It affects your dexterity (-5).
   Contam:    It causes magical contamination when unequipped.
   Stlth:     It makes you more stealthy.
 y - a +6 club
Missiles
 W - a throwing net
Armour
 b - a +0 pair of gloves (worn)
 k - a +0 pair of boots (worn)
 l - a +0 buckler (worn)
 r - a +0 cloak (worn)
 z - a +2 leather armour of fire resistance (worn)
 B - a +3 leather armour
 R - the +1 hat of Vagoz (worn) {Dex+7}
   (You acquired it on level 3 of the Lair of Beasts)

   Dex:       It affects your dexterity (+7).
Jewellery
 t - a ring of protection from fire (left hand)
 H - a ring of poison resistance (right hand)
 L - an amulet of reflection (around neck)
 M - a ring of magical power
 S - an amulet of regeneration
 V - a +6 ring of intelligence
Wands
 x - a wand of flame (41)
 D - a wand of polymorph (18)
 F - a wand of acid (16)
 I - a wand of paralysis (5)
 T - a wand of iceblast (10)
Scrolls
 e - 3 scrolls of fog
 g - 2 scrolls of fear
 i - 2 scrolls of poison {unknown}
 j - 2 scrolls of enchant weapon
 m - a scroll of amnesia {unknown}
 u - 3 scrolls of vulnerability
 A - 3 scrolls of enchant armour {unknown}
 E - a scroll of blinking {unknown}
 G - a scroll of revelation {unknown}
 K - 2 scrolls of torment {unknown}
 Q - a scroll of identify
Potions
 a - 4 potions of haste
 c - a potion of enlightenment
 d - 2 potions of heal wounds
 f - a potion of invisibility
 h - 5 potions of mutation
 p - 2 potions of might
 q - 3 potions of magic
 s - a potion of lignification {unknown}
 C - 3 potions of attraction
 J - a potion of resistance {unknown}
 N - 2 potions of ambrosia
 O - 2 potions of brilliance
 P - 2 potions of degeneration
 U - 4 potions of curing


   Skills:
 + Level 11.5 Fighting
 + Level 9.5 Short Blades
 + Level 9.5 Long Blades
 + Level 9.5 Axes
 + Level 9.5 Maces & Flails
 + Level 9.5 Polearms
 + Level 9.5 Staves
 + Level 9.5 Ranged Weapons
 + Level 9.5 Throwing
 + Level 9.5 Armour
 + Level 9.9 Dodging
 + Level 10.4 Stealth
 + Level 9.5 Shields
 + Level 9.5 Unarmed Combat
 + Level 10.7 Spellcasting
 + Level 8.9 Conjurations
 + Level 7.9 Hexes
 + Level 7.9 Summonings
 + Level 7.9 Necromancy
 + Level 7.9 Translocations
 + Level 7.9 Transmutations
 + Level 7.9 Fire Magic
 + Level 7.9 Ice Magic
 + Level 7.9 Air Magic
 + Level 7.9 Earth Magic
 + Level 7.9 Poison Magic
 + Level 10.3 Invocations
 + Level 9.5 Evocations
 + Level 7.9 Shapeshifting


You had 16 spell levels left.
You knew the following spells:

 Your Spells              Type           Power      Damage    Failure   Level
a - Shock                 Conj/Air       100%       1d9       1%          1
b - Stone Arrow           Conj/Erth      100%       3d13      1%          3
c - Iskenderun's Mystic   Conj/Tloc      52%        2d11      1%          4
d - Fireball              Conj/Fire      26%        3d12      1%          5
e - Freezing Cloud        Conj/Ice/Air   25%        6-21      1%          5

Your spell library contained the following spells:

 Spells                   Type           Power      Damage    Failure   Level
 Apportation              Tloc           100%       N/A       1%          1
 Freeze                   Ice            100%       1d10      1%          1
 Kiss of Death            Conj/Necr      100%       2d13      1%          1
 Magic Dart               Conj           100%       1d8       1%          1
 Blink                    Tloc           100%       N/A       1%          2
 Lesser Beckoning         Tloc           100%       N/A       1%          2
 Momentum Strike          Conj/Tloc      100%       3d10      1%          2
 Searing Ray              Conj           100%       2d8       1%          2
 Confusing Touch          Hex            50%        N/A       1%          3
 Dazzling Flash           Conj/Hex       100%       N/A       1%          3
 Frozen Ramparts          Ice            100%       1d16      1%          3
 Hailstorm                Conj/Ice       52%        3d12      1%          3
 Fulminant Prism          Conj/Hex       26%        3d14      1%          4
 Anguish                  Hex/Necr       25%        N/A       2%          4
 Cause Fear               Hex            25%        N/A       2%          4
 Petrify                  Tmut/Erth      50%        N/A       2%          4
 Lee's Rapid Deconstruct  Erth           25%        3d14*     2%          5
 Agony                    Necr           50%        N/A       8%          5
 Alistair's Intoxication  Tmut/Pois      33%        N/A       8%          5
 Metabolic Englaciation   Hex/Ice        25%        N/A       8%          5
 Silence                  Hex/Air        25%        N/A       8%          5
 Enfeeble                 Hex            25%        N/A       92%         7


Dungeon Overview and Level Annotations

Branches:
Dungeon (11/15)            Temple (1/1) D:4            Lair (3/5) D:10
  Swamp (0/4) Lair:2        Snake (0/4) Lair:2          Orc (1/2) D:10
  Sewer (visited)         Volcano (visited)

Altars:
Ashenzari
Cheibriados
Dithmenos
Elyvilon
Fedhas
Gozag
Hepliaklqana
Kikubaaqudgha
Makhleb
Nemelex Xobeh
Okawaru
Qazlal
Ru
Sif Muna
Trog
Uskayaw
Vehumet
Wu Jian
Xom
Yredelemnul
Zin
The Shining One

Shops:
D:6 :

Annotations:
D:4 3 runed translucent doors, LeprechaunX's ghost, amateur OpSh


Innate Abilities, Weirdness & Mutations

You have very sharp teeth.
Your uncanny sense of smell can sniff out nearby items.
Your experience applies equally to all skills.


Message History

Aiming: Paralyse
Press: ? - help, Shift-Dir - straight line, f - acid dragon, p - komodo dragon
Aim: an acid dragon (catching its breath, chance to affect: 71%)
The acid dragon suddenly stops moving!
The fire dragon is engulfed in freezing vapours.
The basilisk is engulfed in freezing vapours.
The komodo dragon closely misses you.
The helpless acid dragon fails to defend itself.
You thump the acid dragon!
The acid dragon is poisoned.
The acid dragon is heavily wounded.
The iguana is engulfed in freezing vapours.
You kill the iguana!
Vehumet accepts your kill.
You feel your power returning.
A basilisk comes into view.
The basilisk is engulfed in freezing vapours.
You kill the basilisk!
Vehumet accepts your kill.
You feel your power returning. The komodo dragon bites you!!
* * * LOW HITPOINT WARNING * * *
Aiming: Corrosive Bolt
Press: ? - help, Shift-Dir - straight line, f - swamp dragon, p - acid dragon
Aim: a swamp dragon (severely wounded, 84% to hit)
The bolt of acid hits the fire dragon!
The acid corrodes the fire dragon!
You kill the fire dragon!
Vehumet accepts your kill.
The bolt of acid hits the swamp dragon!!
The acid corrodes the swamp dragon!
The swamp dragon is almost dead.
You block the komodo dragon's attack.
Unknown command.
Unknown command.
Unknown command.
The helpless acid dragon fails to defend itself.
You sock the acid dragon!
You kill the acid dragon!
Vehumet accepts your kill.
The acid dragon scales are intact enough to wear.
The komodo dragon bites you!!
You die...

.......###♣♣~~♣♣♣
♣ #.......# ♣♣~.♣
.♣♣♣ .#....####
♣♣~~♣ ...♣∆
....####.#
♣..♣♣♣..♣
#######..#
♣~≈.♣..♣
##.##....#
♣♣~~♣$.♣
#P.......# ♣.≈~≈♣
.........#
♣♣~~[♣♣ ~♣
.........#
♣P.♣~@♣♣≈.P♣
.........#
♣♣.♣♣§l≈§§♣
........##
♣P..D§♣§♣♣∆
......###
♣.....§♣♣ ∆∆
....##.# ♣♣.♣.§○♣
∆ .#.##.##
♣♣.l.☼♣ ∆∆
.###### ..○°§ ∆
.# ♣..§§§ ##
♣♣...~~


You could see a swamp dragon (corroded), a komodo dragon and a basilisk.

Vanquished Creatures
  A fire dragon (Lair:5)
  6 hydras
  14 death yaks
  A two-headed ogre (D:9)
  2 skysharks
  A lindwurm (Lair:5)
  An orc sorcerer (Volcano)
  3 ugly things
  A cyclops (D:11)
  A manticore (D:11)
  3 elephants (Lair:5)
  6 black mambas
  A smoke demon (Volcano)
  12 cane toads
  A gargoyle (D:11)
  3 rime drakes
  10 komodo dragons
  A kobold demonologist (D:9)
  11 polar bears
  A hornet (D:8)
  4 trolls
  8 blink frogs
  12 dream sheep
  Sigmund (D:4)
  A wyvern (D:9)
  5 basilisks (Lair:5)
  A vampire (D:9)
  Eustachio (D:4)
  2 steam dragons
  25 yaks
  Edmund (D:4)
  2 swamp worms (Lair:2)
  6 wargs (Lair:5)
  10 water moccasins
  3 acid dragons
  Menkaure (D:4)
  2 nagas (Lair:2)
  Duvessa (D:5)
  12 hell hounds
  2 ice beasts
  11 black bears (Lair:5)
  4 orc warriors
  3 swamp drakes (Lair:5)
  4 ogres
  3 centaurs
  21 wolves
  4 kobold brigands
  3 phantoms
  10 bullfrogs
  4 gnoll sergeants
  2 scorpions (D:6)
  5 wights (D:8)
  Dowan (D:5)
  3 electric eels
  3 howler monkeys
  4 hounds
  6 orc priests
  A jelly (D:5)
  6 iguanas
  2 sleepcaps
  Ijyb (D:4)
  10 orc wizards
  16 gnolls
  8 adders
  3 shadow imps
  A white imp (D:7)
  An ufetubus (D:6)
  3 worms
  3 dart slugs
  42 orcs
  8 ball pythons
  15 bats
  12 endoplasms
  7 giant cockroaches
  3 goblins
  8 hobgoblins
  3 jackals (D:1)
  5 quokkas
  2 frilled lizards
  33 kobolds
  5 rats
469 creatures vanquished.

Notes
Turn   | Place    | Note
-------+----------+-------------------------------------------
     0 | D:1      | zazu2006 the Gnoll Wanderer began the quest for the Orb.
     0 | D:1      | zazu2006 set off with the following items: a +0 dagger, a
                  | +0 pair of gloves, a potion of might, a +0 robe, a scroll
                  | of fog; and the following spells available to memorise:
                  | Kiss of Death, Shock, Stone Arrow.
     0 | D:1      | Reached XP level 1. HP: 23/23 MP: 6/6
    28 | D:1      | Learned a level 1 spell: Shock
   148 | D:1      | Reached XP level 2. HP: 20/29 MP: 0/7
   325 | D:1      | Found a faded altar of an unknown god.
   731 | D:1      | Reached skill level 5 in Spellcasting
   731 | D:1      | Reached XP level 3. HP: 32/35 MP: 5/9
  1078 | D:2      | Reached skill level 1 in Invocations
  1133 | D:2      | Found a basalt altar of Yredelemnul.
  1157 | D:2      | Got the Writings on Mud and Hexes
  1451 | D:2      | Reached skill level 1 in Short Blades
  1451 | D:2      | Reached skill level 1 in Long Blades
  1451 | D:2      | Reached skill level 1 in Axes
  1451 | D:2      | Reached skill level 1 in Maces & Flails
  1451 | D:2      | Reached skill level 1 in Polearms
  1451 | D:2      | Reached skill level 1 in Staves
  1451 | D:2      | Reached skill level 1 in Ranged Weapons
  1451 | D:2      | Reached skill level 1 in Throwing
  1451 | D:2      | Reached skill level 1 in Armour
  1451 | D:2      | Reached skill level 1 in Shields
  1451 | D:2      | Reached skill level 1 in Unarmed Combat
  1451 | D:2      | Reached skill level 1 in Evocations
  1619 | D:2      | Reached XP level 4. HP: 41/41 MP: 3/11
  2337 | D:3      | Found a stormy altar of Qazlal.
  2339 | D:3      | Noticed a water elemental
  2339 | D:3      | Noticed an earth elemental
  2340 | D:3      | Noticed an air elemental
  2340 | D:3      | Noticed a fire elemental
  2392 | D:3      | Noticed a phantom
  2397 | D:3      | Reached skill level 1 in Hexes
  2397 | D:3      | Reached skill level 1 in Summonings
  2397 | D:3      | Reached skill level 1 in Necromancy
  2397 | D:3      | Reached skill level 1 in Translocations
  2397 | D:3      | Reached skill level 1 in Transmutations
  2397 | D:3      | Reached skill level 1 in Fire Magic
  2397 | D:3      | Reached skill level 1 in Ice Magic
  2397 | D:3      | Reached skill level 1 in Air Magic
  2397 | D:3      | Reached skill level 1 in Earth Magic
  2397 | D:3      | Reached skill level 1 in Poison Magic
  2397 | D:3      | Reached skill level 1 in Shapeshifting
  2412 | D:3      | Killed a phantom
  2413 | D:3      | Reached XP level 5. HP: 39/47 MP: 1/12
  2632 | D:3      | Found a glowing drain.
  2641 | Sewer    | Entered a sewer
  3168 | D:3      | Reached XP level 6. HP: 47/53 MP: 4/13
  3781 | D:4      | Noticed Menkaure
  3801 | D:3      | Upgraded the game from 0.31-a0-355-g57cb03d3e8 to
                  | 0.31-a0-360-gb3e1d13bf4
  3805 | D:3      | Learned a level 3 spell: Stone Arrow
  3861 | D:4      | Noticed Edmund
  3861 | D:4      | Found a runed translucent gate.
  3861 | D:4      | Found a runed translucent gate.
  3861 | D:4      | Found a runed translucent gate.
  4393 | D:4      | Killed Menkaure
  4393 | D:4      | Noticed Ijyb
  4438 | D:4      | Reached skill level 7 in Fighting
  4438 | D:4      | Reached XP level 7. HP: 56/60 MP: 7/15
  4516 | D:4      | Found a staircase to the Ecumenical Temple.
  4537 | Temple   | Entered the Ecumenical Temple
  4717 | D:4      | Killed Edmund
  4718 | D:4      | Reached skill level 5 in Stealth
  4972 | D:4      | Killed Ijyb
  5046 | D:4      | Noticed Eustachio
  5048 | D:4      | Noticed Sigmund
  5068 | D:4      | Killed Eustachio
  5069 | D:4      | Reached XP level 8. HP: 42/67 MP: 0/16
  5225 | D:4      | Killed Sigmund
  5286 | D:4      | Noticed LeprechaunX's ghost (amateur OpSh)
  5303 | D:5      | Entered Level 5 of the Dungeon
  5683 | D:5      | Noticed Dowan
  5684 | D:5      | Noticed Duvessa
  5786 | D:5      | Killed Duvessa
  5789 | D:5      | Killed Dowan
  6015 | D:5      | Found a glowing silver altar of Zin.
  6354 | D:5      | Reached skill level 5 in Conjurations
  6522 | D:6      | Reached XP level 9. HP: 49/73 MP: 5/18
  6902 | D:6      | Identified the +1 leather armour "Naskyon" {rElec Str-5
                  | Dex+3}
  7160 | D:6      | Found Honil's Vocational Training.
  7563 | D:7      | Reached skill level 5 in Dodging
  8569 | D:8      | Reached skill level 8 in Fighting
  8722 | D:8      | Found a shadowy altar of Dithmenos.
  8735 | D:8      | Noticed a hornet
  8738 | D:8      | Paralysed by a hornet for 3 turns
  8742 | D:8      | Killed a hornet
  8743 | D:8      | Reached skill level 5 in Invocations
  9361 | D:8      | Found an ornate altar of the Wu Jian Council.
  9362 | D:8      | Found a radiant altar of Vehumet.
  9363 | D:8      | Found an opulent altar of Gozag.
  9364 | D:8      | Found a shimmering blue altar of Sif Muna.
  9370 | D:8      | Became a worshipper of Vehumet
  9414 | D:9      | Noticed a troll
  9419 | D:9      | Killed a troll
  9490 | D:9      | Noticed a two-headed ogre
  9499 | D:9      | Killed a two-headed ogre
  9500 | D:9      | Reached skill level 5 in Short Blades
  9500 | D:9      | Reached skill level 5 in Long Blades
  9500 | D:9      | Reached skill level 5 in Axes
  9500 | D:9      | Reached skill level 5 in Maces & Flails
  9500 | D:9      | Reached skill level 5 in Polearms
  9500 | D:9      | Reached skill level 5 in Staves
  9500 | D:9      | Reached skill level 5 in Ranged Weapons
  9500 | D:9      | Reached skill level 5 in Throwing
  9500 | D:9      | Reached skill level 5 in Armour
  9500 | D:9      | Reached skill level 5 in Shields
  9500 | D:9      | Reached skill level 5 in Unarmed Combat
  9500 | D:9      | Reached skill level 5 in Evocations
  9500 | D:9      | Reached XP level 10. HP: 73/82 MP: 9/20
  9598 | D:9      | Noticed a kobold demonologist
  9605 | D:9      | Noticed a smoke demon
  9609 | D:9      | Killed a kobold demonologist
  9675 | D:9      | Identified the +11 flail of Tomorrow {venom, Contam Str+3
                  | Int+9 Dex-5 Stlth+}
 10042 | D:9      | Found a hazy altar of Hepliaklqana.
 10270 | D:9      | Reached * piety under Vehumet
 10270 | D:9      | Offered knowledge of Foxfire by Vehumet.
 10908 | D:8      | Found a white marble altar of Elyvilon.
 10980 | D:8      | Identified the +1 whip of Unaz {flame, Str+6 Int-2 SInv
                  | Stlth+}
 11213 | D:10     | Entered Level 10 of the Dungeon
 11232 | D:10     | HP: 3/82 [gnoll sergeant/+3 spear of freezing (3)]
 11682 | D:9      | Reached XP level 11. HP: 53/87 MP: 22/22
 11817 | D:10     | Offered knowledge of Freeze by Vehumet.
 11818 | D:10     | Reached ** piety under Vehumet
 12164 | D:10     | Found a broken altar of Ashenzari.
 12255 | D:10     | Reached skill level 9 in Fighting
 12282 | D:10     | Found an iron altar of Okawaru.
 12333 | D:10     | Found a staircase to the Orcish Mines.
 12370 | D:10     | Found a staircase to the Lair.
 12561 | D:10     | Reached skill level 5 in Hexes
 12561 | D:10     | Reached skill level 5 in Summonings
 12561 | D:10     | Reached skill level 5 in Necromancy
 12561 | D:10     | Reached skill level 5 in Translocations
 12561 | D:10     | Reached skill level 5 in Transmutations
 12561 | D:10     | Reached skill level 5 in Fire Magic
 12561 | D:10     | Reached skill level 5 in Ice Magic
 12561 | D:10     | Reached skill level 5 in Air Magic
 12561 | D:10     | Reached skill level 5 in Earth Magic
 12561 | D:10     | Reached skill level 5 in Poison Magic
 12561 | D:10     | Reached skill level 5 in Shapeshifting
 12803 | D:11     | Noticed a white ugly thing
 12810 | D:11     | Killed a white ugly thing
 12990 | D:11     | Noticed a manticore
 12996 | D:11     | Killed a manticore
 13549 | D:11     | Noticed a cyclops
 13558 | D:11     | Killed a cyclops
 14277 | Orc:1    | Entered Level 1 of the Orcish Mines
 14279 | Orc:1    | Noticed an orc sorcerer
 14441 | Lair:1   | Entered Level 1 of the Lair of Beasts
 14939 | Lair:1   | Noticed a death yak
 14953 | Lair:1   | Noticed a death yak
 14954 | Lair:1   | Noticed a death yak
 14966 | Lair:2   | Noticed an eight-headed hydra
 15063 | Lair:2   | Noticed a skyshark
 15100 | Lair:2   | Offered knowledge of Inner Flame by Vehumet.
 15158 | Lair:2   | Noticed a death yak
 15158 | Lair:2   | Noticed a death yak
 15443 | Lair:2   | Reached *** piety under Vehumet
 15898 | Lair:1   | Noticed a death yak
 15918 | Lair:1   | Killed a death yak
 15919 | Lair:1   | Reached XP level 12. HP: 97/97 MP: 15/24
 16134 | Lair:1   | Noticed a death yak
 16146 | Lair:1   | Killed a death yak
 16150 | Lair:1   | Killed a death yak
 16617 | Lair:2   | Killed an eight-headed hydra
 16807 | Lair:2   | Killed a skyshark
 16808 | Lair:2   | Reached skill level 10 in Fighting
 16837 | Lair:2   | Offered knowledge of Iskenderun's Mystic Blast by Vehumet.
 16869 | Lair:2   | Learned a level 4 spell: Iskenderun's Mystic Blast
 16959 | Lair:2   | Found a staircase to the Snake Pit.
 17686 | Lair:2   | Noticed a four-headed hydra
 17698 | Lair:2   | Killed a four-headed hydra
 17709 | Lair:2   | Noticed a five-headed hydra
 17727 | Lair:2   | Killed a five-headed hydra
 17918 | Lair:2   | Found a staircase to the Swamp.
 18017 | Lair:2   | Killed a death yak
 18100 | Lair:2   | Noticed a death yak
 18100 | Lair:2   | Noticed a death yak
 18100 | Lair:2   | Noticed a death yak
 18382 | Lair:1   | Killed a death yak
 18390 | Lair:1   | Killed a death yak
 18502 | Lair:1   | Killed a death yak
 18503 | Lair:1   | Reached XP level 13. HP: 86/104 MP: 22/26
 18982 | Lair:3   | Reached **** piety under Vehumet
 19045 | Lair:3   | Found a dark tunnel.
 19054 | Volcano  | Entered a volcano
 19157 | Volcano  | Offered knowledge of Fireball by Vehumet.
 19697 | Lair:3   | Identified 2 scrolls of acquirement
 19727 | Lair:3   | Acquired 956 gold pieces
 19729 | Lair:3   | Acquired the +1 hat of Vagoz {Dex+7}
 20153 | Lair:3   | You fall into a shaft and drop 2 floors!
 20153 | Lair:5   | Entered Level 5 of the Lair of Beasts
 20228 | Lair:5   | Reached skill level 10 in Spellcasting
 20463 | Lair:5   | Learned a level 5 spell: Fireball
 20764 | Lair:5   | Reached ***** piety under Vehumet
 20773 | Lair:5   | Offered knowledge of Freezing Cloud by Vehumet.
 20780 | Lair:5   | Learned a level 5 spell: Freezing Cloud
 20819 | Lair:5   | Reached skill level 11 in Fighting
 21284 | Lair:5   | Reached XP level 14. HP: 113/113 MP: 21/28
 21304 | Lair:5   | Reached skill level 10 in Stealth
 21435 | Lair:5   | Reached skill level 10 in Invocations
 22284 | Lair:5   | Slain by a komodo dragon

Illustrated notes

Levels and vault maps discovered:
D:1:      dreamdust_arrival_sigmund_warning, layout_loops_ring,
          ebering_ecumenical_altar_mist
D:2:      layout_basic, basic_altar
D:3:      cheibrodos_helix_gallery, layout_basic,
          nicolae_qazlal_style_of_elements, cheibrodos_sewer_entry_bend
D:4:      layout_gridville, minmay_temple_entry_glass,
          gammafunk_ghost_necromancy, minmay_fractal_squares_5, uniq_menkaure,
          uniq_sigmund, uniq_edmund, uniq_eustachio, uniq_ijyb
D:5:      layout_basic, mainiacjoe_overflow_cross_hatched, uniq_duvessa
D:6:      layout_loops_ring, nicolae_shop_vocational
D:7:      layout_basic
D:8:      layout_loops_cross, grunt_dithmenos_smoke_and_mirrors,
          mainiacjoe_overflow_alcove_3, nicolae_elyvilon_temple_path,
          kb_lookout_dungeons_type
D:9:      layout_roguey, nzn_hepliaklqana_mist_gate, serial_curves,
          eino_curves_01, eino_curves_02, eino_curves_01, eino_curves_02
D:10:     layout_roguey, lemuel_round_altar, mainiacjoe_overflow_alcove_2,
          lair_entry_dummy, hiddenorc1_lemuel
D:11:     minmay_stone_box, layout_stronghold, lemuel_flamethrower_2
Temple:   minmay_freezing_vapour_temple
Lair:1:   layout_regular_city, serial_bayou_lagoon_b
Lair:2:   layout_cave_pods, palyth_hydra_swamp_entry,
          minmay_snake_entry_guardpost_small, st_stairs_10, beast_lair_carwin_2,
          grunt_megastairs_5, lemuel_fruit_tree
Lair:3:   layout_cave_pods, enter_volcano_1
Lair:5:   guppyfry_lair_end_dragon, layout_hall_layers,
          hangedman_lair_caniforms_friends, minivault_25,
          infiniplex_staircase_pool_2
Orc:1:    layout_caves, uniq_josephine

Skill      XL: |  1  2  3  4  5  6  7  8  9 10 11 12 13 14 |
---------------+-------------------------------------------+-----
Spellcasting   | 5 6 7 8 9 10 | 10.7
Invocations    | 1 2 3 4 5 6 7 8 9 10 | 10.3
Short Blades   | 1 2 3 5 7 8 9 |  9.5
Long Blades    | 1 2 3 5 7 8 9 |  9.5
Axes           | 1 2 3 5 7 8 9 |  9.5
Maces & Flails | 1 2 3 5 7 8 9 |  9.5
Polearms       | 1 2 3 5 7 8 9 |  9.5
Staves         | 1 2 3 5 7 8 9 |  9.5
Ranged Weapons | 1 2 3 5 7 8 9 |  9.5
Throwing       | 1 2 3 5 7 8 9 |  9.5
Armour         | 1 2 3 5 7 8 9 |  9.5
Shields        | 1 2 3 5 7 8 9 |  9.5
Unarmed Combat | 1 2 3 5 7 8 9 |  9.5
Evocations     | 1 2 3 5 7 8 9 |  9.5
Hexes          | 1 2 3 4 5 6 7 |  7.9
Summonings     | 1 2 3 4 5 6 7 |  7.9
Necromancy     | 1 2 3 4 5 6 7 |  7.9
Translocations | 1 2 3 4 5 6 7 |  7.9
Transmutations | 1 2 3 4 5 6 7 |  7.9
Fire Magic     | 1 2 3 4 5 6 7 |  7.9
Ice Magic      | 1 2 3 4 5 6 7 |  7.9
Air Magic      | 1 2 3 4 5 6 7 |  7.9
Earth Magic    | 1 2 3 4 5 6 7 |  7.9
Poison Magic   | 1 2 3 4 5 6 7 |  7.9
Shapeshifting  | 1 2 3 4 5 6 7 |  7.9
Dodging        | 3 4 5 6 7 8 9 |  9.9
Conjurations   | 4 5 6 7 8 |  8.9
Fighting       | 7 8 9 10 11 | 11.5
Stealth        | 5 6 7 8 9 10 | 10.4

Action                     |  1- 3 |  4- 6 |  7- 9 | 10-12 | 13-15 || total
---------------------------+-------+-------+-------+-------+-------++-------
  Melee: Dagger            |     7 |    11 |     1 |       |       ||    19
         Bite              |     1 |     1 |    16 |    44 |    37 ||    99
         Flail             |       |       |   178 |   463 |   284 ||   925
         Unarmed           |       |       |    29 |       |       ||    29
         Punch             |       |       |     3 |    17 |     1 ||    21
   Cast: Shock             |    77 |   166 |    42 |    26 |     3 ||   314
         Stone Arrow       |       |     2 |    60 |    74 |   114 ||   250
         Iskenderun's Myst |       |       |       |       |     7 ||     7
         Freezing Cloud    |       |       |       |       |    16 ||    16
  Evoke: Wand              |       |       |     4 |    10 |     5 ||    19
    Use: Potion            |       |     1 |       |     5 |     7 ||    13
         Scroll            |       |     7 |     4 |     8 |     5 ||    24
   Stab: Sleeping          |       |       |     5 |    11 |     4 ||    20
         Paralysed         |       |       |       |     4 |     6 ||    10
         Distracted        |       |       |       |     1 |       ||     1
 Armour: Robe              |    10 |    18 |    10 |       |       ||    38
         Leather armour    |       |       |   114 |   147 |    95 ||   356
         Skin              |       |       |     4 |       |       ||     4
  Dodge: Dodged            |    16 |    44 |   154 |   276 |   194 ||   684
  Block: Other             |       |       |     1 |   106 |     7 ||   114
         Reflection        |       |       |       |     2 |       ||     2
         Buckler           |       |       |       |       |   183 ||   183

Table legend: (Time is in decaauts)
 A = Elapsed time spent in this place.
 B = Non-inter-level travel time spent in this place.
 C = Inter-level travel time spent in this place.
 D = Time resting spent in this place.
 E = Time spent auto-exploring this place.
 F = Levels seen in this place.
 G = Mean time per level.
                   A        B        C        D        E       F      G
               +--------+--------+--------+--------+--------+-----+--------+
         Total |  22390 |  21845 |    545 |   1969 |  15136 |  19 | 1178.4 |
       Dungeon |  13890 |  13435 |    455 |    763 |  10135 |  11 | 1262.7 |
        Temple |     73 |     73 |      0 |     62 |      0 |   1 |   73.0 |
          Lair |   7475 |   7386 |     89 |   1144 |   4304 |   4 | 1868.8 |
  Orcish Mines |     25 |     25 |      0 |      0 |      0 |   1 |   25.0 |
         Sewer |    528 |    528 |      0 |      0 |    438 |   1 |  528.0 |
       Volcano |    396 |    396 |      0 |      0 |    259 |   1 |  396.0 |
               +--------+--------+--------+--------+--------+-----+--------+

Top non-repeatable levels by time:
  Lair:2: 2242 daAuts
  Lair:1: 2241 daAuts
  Lair:5: 2125 daAuts
     D:9: 1670 daAuts
    D:11: 1534 daAuts
    D:10: 1451 daAuts
     D:4: 1336 daAuts
     D:8: 1251 daAuts
     D:2: 1201 daAuts
     D:5: 1196 daAuts
     D:3: 1173 daAuts
     D:7: 1163 daAuts
     D:1: 1023 daAuts
     D:6: 888 daAuts
  Lair:3: 866 daAuts
